 Dungeon Crawl Stone Soup version 0.19.1-1-g22dce08 (webtiles) character file.

854 dngmouse the Chopper (level 8, 0/68 HPs)
             Began as a Hill Orc Fighter on Jan 11, 2017.
             Slain by a gnoll
             ... wielding a cursed -1 spear
              (1 damage)
             ... on level 4 of the Dungeon.
             The game lasted 00:11:56 (3954 turns).

dngmouse the Chopper (Hill Orc Fighter)             Turns: 3954, Time: 00:11:57

Health: 0/68       AC: 10    Str: 20    XL:     8   Next: 1%
Magic:  8/8        EV:  5    Int:  8    God:
Gold:   149        SH:  9    Dex: 11    Spells: 0 memorised, 7 levels left

rFire  . . .     SeeInvis .     a - +0 war axe
rCold  + . .     Gourm    .     k - +0 chain mail {rC+}
rNeg   . . .     Faith    .     c - +0 shield
rPois  .         Spirit   .     (no helmet)
rElec  .         Reflect  .     e - +0 cloak
rCorr  .         Harm     .     (no gloves)
MR     .....                    (no boots)
Stlth  ..........               v - amulet of rage
                                (no ring)
                                (no ring)

@: exhausted, heavily drained
A: no striking features
a: Evoke Berserk Rage


You were on level 4 of the Dungeon.
You were very hungry.

You visited 1 branch of the dungeon, and saw 4 of its levels.

You collected 149 gold pieces.

Inventory:

Hand Weapons
 a - a +0 war axe (weapon)
 l - a +2 short sword of electrocution
 q - a +0 dagger of venom
Armour
 c - a +0 shield (worn)
 e - a +0 cloak (worn)
 k - a +0 chain mail of cold resistance (worn)
Jewellery
 v - an amulet of rage (around neck)
 w - an uncursed ring of fire
Scrolls
 g - 3 scrolls of identify {unknown}
 j - a scroll of fear {unknown}
 m - a scroll of fog {unknown}
 n - 2 scrolls of teleportation {unknown}
 o - a scroll of amnesia {unknown}
 p - 3 scrolls of remove curse {unknown}
 t - a scroll of enchant weapon {unknown}
Potions
 d - a potion of might
 h - 2 potions of magic
Comestibles
 b - 2 meat rations
 f - 2 bread rations
 i - 5 fruits
 s - a beef jerky


   Skills:
 + Level 5.1(2.8) Fighting
 + Level 7.7(5.3) Axes
 + Level 5.3(3.0) Armour
 + Level 1.5(0.0) Dodging
 + Level 5.4(3.1) Shields


You had 7 spell levels left.
You didn't know any spells.

Dungeon Overview and Level Annotations

Branches:
Dungeon (4/15)
 Temple: D:4-7

Altars:
Xom
Beogh


Message History

The gnoll hits you but does no damage. The gnoll hits you but does no damage.
The gnoll hits you from afar with a spear.
* * * LOW HITPOINT WARNING * * *
The gnoll hits you with a spear.
* * * LOW HITPOINT WARNING * * *
The gnoll hits you but does no damage. The gnoll barely misses you.
The gnoll hits you but does no damage. The gnoll hits you with a spear.
* * * LOW HITPOINT WARNING * * *
The gnoll hits you but does no damage.
You can move again.
Things that are here:
a whip; a spear; a throwing net It was a potion of cancellation.
Your magical effects are unravelling.
You feel magically purged.
You feel yourself speed up.
The gnoll hits you from afar with a spear.
You die...

...≈≈≈≈≈≈≈≈≈≈≈≈≈≈≈≈≈≈≈.
...≈≈≈≈≈≈≈≈≈≈≈≈#####≈≈.
...............#...# ≈.
'''#############...# .
...#...........#'###
...'...........'.#
...#....)......#.#
################(#
#.(..)@# #...ggg#
##'###g# .'... #g# ##..
#.# .'. #'# ### #.. #..


You could see 5 gnolls.

Vanquished Creatures
  The ghost of truemonolith the Conjurer, an amateur DECj (D:3)
  A bullfrog (D:3)
  5 orc priests
  A bullfrog skeleton (D:4)
  An iguana (D:4)
  An orc wizard (D:4)
  2 worker ants
  19 gnolls
  5 adders
  4 oozes
  A worm (D:2)
  2 dart slugs
  A leopard gecko (D:2)
  11 orcs
  4 giant cockroaches
  7 goblins
  7 hobgoblins
  12 jackals
  14 kobolds
  3 quokkas
  2 ball pythons
  5 bats
  3 frilled lizards
  7 rats
119 creatures vanquished.

Notes
Turn   | Place    | Note
-------+----------+-------------------------------------------
     0 | D:1      | dngmouse the Hill Orc Fighter began the quest for the Orb.
     0 | D:1      | Reached XP level 1. HP: 19/19 MP: 1/1
   130 | D:1      | Reached XP level 2. HP: 27/27 MP: 2/2
   180 | D:1      | Reached skill level 3 in Axes
   184 | D:1      | Reached XP level 3. HP: 25/33 MP: 3/3
  1061 | D:2      | Reached skill level 4 in Axes
  1061 | D:2      | Reached XP level 4. HP: 24/41 MP: 4/4
  1418 | D:2      | Found a shimmering altar of Xom.
  2162 | D:3      | Reached XP level 5. HP: 45/47 MP: 5/5
  2254 | D:3      | Noticed truemonolith's ghost (amateur DECj)
  2269 | D:3      | Killed truemonolith's ghost
  2269 | D:3      | Reached skill level 5 in Axes
  2269 | D:3      | Reached XP level 6. HP: 30/53 MP: 6/6
  2469 | D:3      | Reached skill level 1 in Dodging
  2473 | D:3      | Reached skill level 6 in Axes
  2624 | D:3      | Found a roughly hewn altar of Beogh.
  2630 | D:3      | Reached XP level 7. HP: 45/60 MP: 7/7
  2781 | D:3      | Reached skill level 5 in Shields
  2949 | D:4      | HP: 2/60 [something (3)]
  2950 | D:4      | Reached skill level 5 in Fighting
  2950 | D:4      | Reached skill level 7 in Axes
  3425 | D:4      | Reached skill level 5 in Armour
  3947 | D:4      | Reached XP level 8. HP: 30/68 MP: 8/8
  3953 | D:4      | HP: 1/68 [gnoll/spear (3)]
  3954 | D:4      | Slain by a gnoll

Skill      XL: |  1  2  3  4  5  6  7 |
---------------+----------------------+-----
Fighting       | 4 5 |  5.1
Axes           | 3 4 5 6 7 |  7.7
Shields        | 4 5 |  5.4
Armour         | 4 5 |  5.3
Dodging        | 1 |  1.5

Action                   |  1- 3 |  4- 6 |  7- 9 || total
-------------------------+-------+-------+-------++-------
Melee: War axe           |    99 |   153 |   166 ||   418
 Abil: Evoke Berserk Rag |       |     1 |     1 ||     2
  Use: Potion            |       |       |     4 ||     4
  Eat: Chunk             |     1 |     6 |     4 ||    11
Armor: Scale mail        |    36 |       |       ||    36
       Chain mail        |    15 |    84 |   147 ||   246
Dodge: Dodged            |    30 |    28 |    63 ||   121
Block: Shield            |    44 |    78 |   109 ||   231
